 Dungeon Crawl Stone Soup version 0.27.1-1-g398f81649c (webtiles) character file.

Game seed: 7849528568280303405

63 nxtlvl the Poker (level 3, 0/31 HPs)
             Began as a Minotaur Abyssal Knight on Sept 14, 2021.
             Was a Believer of Lugonu.
             Slain by a gnoll (3 damage)
             ... on level 4 of the Dungeon.
             The game lasted 00:05:50 (806 turns).

nxtlvl the Poker (Minotaur Abyssal Knight)           Turns: 806, Time: 00:05:51

Health: 0/31       AC:  4    Str: 17    XL:     3   Next: 87%
Magic:  3/3        EV: 11    Int:  9    God:    Lugonu [**....]
Gold:   66         SH:  0    Dex:  9    Spells: 2/2 levels left

rFire    . . .     SeeInvis .   a - +1 spear
rCold    . . .     Faith    .   (no shield)
rNeg     . . .     Spirit   .   e - +0 leather armour
rPois    .         Reflect  .   (helmet restricted)
rElec    .         Harm     .   (no cloak)
rCorr    .         Rampage  .   (no gloves)
Will     .....                  r - +0 pair of boots
Stlth    +.........             (no amulet)
HPRegen  0.10/turn              (no ring)
MPRegen  0.08/turn              (no ring)

@: no status effects
A: horns 2, retaliatory headbutt
a: Renounce Religion, Depart the Abyss, Bend Space


You were on level 4 of the Dungeon.
You worshipped Lugonu.
Lugonu was pleased with you.
You visited 1 branch of the dungeon, and saw 4 of its levels.
You visited the Abyss 1 time.

You collected 66 gold pieces.

Inventory:

Hand Weapons
 a - a +1 spear (weapon)
 b - a +0 hunting sling
Missiles
 f - 22 sling bullets
 j - 10 poisoned darts
Armour
 e - a +0 leather armour (worn)
 r - a +0 pair of boots (worn)
Magical Staves
 q - a staff of cold
Jewellery
 o - an amulet of magic regeneration
Wands
 s - a wand of iceblast (9)
Scrolls
 d - 2 scrolls of blinking {unknown}
 g - a scroll of enchant weapon {unknown}
 i - a scroll of magic mapping {unknown}
 k - a scroll of enchant armour {unknown}
 p - a scroll of brand weapon {unknown}
Potions
 c - 2 potions of curing {unknown}
 h - a potion of attraction {unknown}
 l - a potion of lignification {unknown}
 m - a potion of haste {unknown}
 n - a potion of heal wounds {unknown}


   Skills:
 - Level 3.6 Fighting
 * Level 5.1 Polearms
 - Level 2.4 Armour
 - Level 1.1 Dodging
 - Level 1.7 Invocations


You had 2 spell levels left.
You didn't know any spells.
Your spell library was empty.

Dungeon Overview and Level Annotations

Branches:
Dungeon (4/15)
 Temple: D:4-7

Altars:
Okawaru


Innate Abilities, Weirdness & Mutations

You have a pair of horns on your head.
You reflexively headbutt those who attack you in melee.


Message History

The black bear growls angrily.
The kobold shouts!
Found 15 gold pieces and a runed copper wand.
There is a stone staircase leading up here.
You puncture the kobold!
You kill the kobold!
Lugonu accepts your kill.
A gnoll shaman comes into view. It is wielding a +0 whip.
The gnoll shaman shouts!
You hear a shout!
You see here a wand of iceblast (10).
s - a wand of iceblast (10)
You open the door. 3 gnolls come into view.
A gnoll is wielding a +3 whip of electrocution.
The gnoll shouts! x2
The gnoll hits you with a +3 whip of electrocution!
There is an open door, spattered with blood here.
The gnoll closely misses you.
You close the door.
The gnoll hits you with a +3 whip of electrocution.
The gnoll misses you. You furiously retaliate!
You headbutt the gnoll. The gnoll hits you with a +0 flail!
* * * LOW HITPOINT WARNING * * *
The gnoll barely misses you. You furiously retaliate!
You headbutt the gnoll. The gnoll hits you with a +0 club.
* * * LOW HITPOINT WARNING * * *
A gnoll comes into view. It is wielding a +0 whip.
Found an escape hatch in the ceiling.
The gnoll shouts!
You hear a shout!
A gnoll comes into view. It is wielding a +0 spear.
The gnoll hits you with a +0 whip.
* * * LOW HITPOINT WARNING * * *
Found 7 gold pieces.
An iguana comes into view.
The iguana hisses angrily.
Aiming: Iceblast
Press: ? - help, Shift-Dir - straight line The mass of ice explodes!
The iceblast engulfs the iguana!
The iguana is almost dead.
The gnoll hits you with a +0 club.
You die...

...)..# #...<....#.#
....<## #..........#
.....#####....##.#..#
..............#.....#
####.######......#..#
#........g#.#.....#.
#..##.....g.........
#..##.#####g##########
#..## #...gg@..l....
#... #.#.##########
#### #.#.. # ###


You could see an iguana and 3 gnolls.

Vanquished Creatures
  Jessica (D:2)
  An adder (D:2)
  2 dart slugs
  4 endoplasms
  A giant cockroach (D:3)
  2 goblins
  A hobgoblin (D:2)
  A kobold (D:4)
  2 ball pythons (D:3)
  3 bats
  4 frilled lizards
  4 rats
26 creatures vanquished.

Notes
Turn   | Place    | Note
-------+----------+-------------------------------------------
     0 | Abyss:1  | nxtlvl the Minotaur Abyssal Knight began the quest for the
                  | Orb.
     0 | Abyss:1  | Reached XP level 1. HP: 19/19 MP: 1/1
    18 | Abyss:1  | Found a corrupted altar of Lugonu.
    76 | D:1      | Escaped the Abyss
   214 | D:1      | Reached skill level 3 in Polearms
   297 | D:2      | Noticed Jessica
   304 | D:2      | Killed Jessica
   305 | D:2      | Reached skill level 4 in Polearms
   305 | D:2      | Reached XP level 2. HP: 21/26 MP: 2/2
   305 | D:2      | Reached XP level 3. HP: 26/31 MP: 3/3
   501 | D:3      | Found an iron altar of Okawaru.
   506 | D:3      | Reached ** piety under Lugonu
   527 | D:3      | Reached skill level 5 in Polearms
   766 | D:4      | Noticed a black bear
   806 | D:4      | Slain by a gnoll

Illustrated notes

Levels and vault maps discovered:
D:1:      dpeg_arrival_three_same_balls, layout_loops_corners,
          minmay_small_reverse_x
D:2:      layout_basic, uniq_jessica
D:3:      layout_loops_ring, nicolae_hepliaklqana_hippocampus,
          okawaru_metal_pillars_1_2
D:4:      layout_basic, uniq_menkaure

Skill      XL: |  1  2  3 |
---------------+----------+-----
Polearms       | 4 5 |  5.1
Fighting       | |  3.6
Armour         | |  2.4
Dodging        | |  1.1
Invocations    | |  1.7

Action                   || total
-------------------------++-------
Melee: Spear             ||    50
       Headbutt          ||     3
 Fire: Hunting sling     ||    21
Evoke: Wand              ||     1
Armor: Leather armour    ||     6
Dodge: Dodged            ||    18
